 Dungeon Crawl Stone Soup version 0.17.0-24-gcfadda4 (webtiles) character file.

13490 tp1 the Eclecticist (level 11, -16/54 HPs)
             Began as a Deep Elf Conjurer on Nov 15, 2015.
             Was a Priest of Vehumet.
             Demolished by a spiny frog (19 damage)
             ... on level 1 of the Lair of Beasts.
             The game lasted 00:53:32 (10592 turns).

tp1 the Eclecticist (Deep Elf Conjurer)            Turns: 10592, Time: 00:53:32

Health: -16/54     AC:  8    Str:  5    XL:     11   Next: 76%
Magic:  30/43      EV: 16    Int: 24    God:    Vehumet [***...]
Gold:   293        SH:  0    Dex: 15    Spells: 4 memorised, 33 levels left

rFire  + . .     SeeInvis +     D - staff of energy
rCold  . . .     Clarity  .     t - +2 robe {rF+}
rNeg   . . .     SustAt   .     (no shield)
rPois  .         Gourm    .     U - +0 helmet (curse)
rElec  .         Spirit   .     i - +0 cloak
rCorr  .         Warding  .     R - +0 pair of gloves
rMut   .         Stasis   .     V - +0 pair of boots
MR     +....                    (no amulet)
Stlth  ++........               u - ring of magical power
                                d - ring of see invisible

@: lethally poisoned (-16 -> -36), somewhat resistant to hostile enchantments,
unstealthy
A: no striking features
a: Renounce Religion


You were on level 1 of the Lair of Beasts.
You worshipped Vehumet.
Vehumet was most pleased with you.
You were not hungry.

You visited 3 branches of the dungeon, and saw 12 of its levels.

You collected 557 gold pieces.
You spent 264 gold pieces at shops.

Inventory:

Hand Weapons
 c - a +2 quarterstaff of chaos
 f - a +0 dagger
 F - a +3 flail of protection
Armour
 a - a +0 robe
 i - a +0 cloak (worn)
 t - a +2 robe of fire resistance (worn)
 P - a +1 leather armour of fire resistance
 R - a +0 pair of gloves (worn)
 T - a +2 robe of cold resistance
 U - a cursed +0 helmet (worn)
 V - a +0 pair of boots (worn)
Magical Staves
 D - an uncursed staff of energy (weapon)
Jewellery
 d - a ring of see invisible (left hand)
 u - a ring of magical power (right hand)
 v - an uncursed ring of wizardry
 M - an uncursed ring of protection from fire
 O - an uncursed ring of ice
Wands
 x - a wand of fire (6)
 G - a wand of paralysis (11)
 H - a wand of fire (13)
 L - a wand of magic darts (40)
 W - a wand of disintegration (14)
Scrolls
 e - 6 scrolls of magic mapping
 g - 2 scrolls of amnesia
 j - a scroll of immolation {unknown}
 m - 4 scrolls of teleportation
 n - 4 scrolls of remove curse
 q - 3 scrolls of blinking
 y - 2 scrolls of recharging
 A - a scroll of noise
 I - a scroll of vulnerability {unknown}
 K - 3 scrolls of random uselessness {unknown}
 Q - a scroll of enchant armour {unknown}
 S - a scroll of fear {unknown}
Potions
 k - a potion of heal wounds
 o - 5 potions of curing
 p - 2 potions of haste
 s - 3 potions of might
 w - a potion of poison
 E - 3 potions of lignification
 N - a potion of agility {unknown}
Books
 b - a book of Conjurations

   Spells                             Type                      Level
   a - Magic Dart                     Conjuration                  1
   b - Searing Ray                    Conjuration                  2
   c - Dazzling Spray                 Conjuration/Hexes            3
   d - Fulminant Prism                Conjuration/Hexes            4
   e - Iskenderun's Mystic Blast      Conjuration                  4
   f - Iskenderun's Battlesphere      Conjuration/Charms           5
 r - a book of Hinderance

   Spells                             Type                      Level
   a - Confusing Touch                Hexes                        2
   b - Confuse                        Hexes                        3
   c - Gell's Gravitas                Hexes/Translocation          3
   d - Petrify                        Transmutation/Earth          4
   e - Metabolic Englaciation         Hexes/Ice                    5
 J - a book of Transfigurations

   Spells                             Type                      Level
   a - Stoneskin                      Transmutation/Earth          2
   b - Irradiate                      Conjuration/Transmutation    5
   c - Statue Form                    Transmutation/Earth          6
   d - Hydra Form                     Transmutation                6
   e - Dragon Form                    Transmutation                7
Comestibles
 h - 2 slices of pizza
 l - 7 meat rations
 z - 7 bread rations
 B - 4 chunks of flesh
 C - 9 beef jerkies


   Skills:
 + Level 6.5 Dodging
 - Level 2.4 Stealth
 - Level 17.1 Spellcasting
 - Level 10.3 Conjurations
 - Level 10.1 Charms
 - Level 4.3 Fire Magic


You had 33 spell levels left.
You knew the following spells:

 Your Spells              Type           Power        Failure   Level  Hunger
a - Magic Dart            Conj           ####         1%          1    None
b - Searing Ray           Conj           ######       1%          2    None
c - Conjure Flame         Conj/Fire      ######..     1%          3    None
d - Iskenderun's Battles  Conj/Chrm      ######..     1%          5    None


Dungeon Overview and Level Annotations

Branches:
Dungeon (10/15)            Temple (1/1) D:6            Lair (1/8) D:10
    Orc: D:9-12

Altars:
Ashenzari
Cheibriados
Dithmenos
Elyvilon
Fedhas
Gozag
Kikubaaqudgha
Nemelex Xobeh
Okawaru
Qazlal
Ru
Sif Muna
Trog
Vehumet
Xom
Zin
The Shining One

Shops:
D:5 ?*(?*   D:6 (

Annotations:
D:4 Robin
D:7 exclusion: oklob plant


Message History

The magic dart hits the spiny frog.
The spiny frog is lightly wounded.
Your battlesphere fires!
The barrage of energy hits the spiny frog.
The spiny frog is moderately wounded.
Your battlesphere expends the last of its energy and dissipates.
The spiny frog is engulfed in roaring flames.
The spiny frog stings you!
Some of the chunks of flesh in your inventory have rotted away.
Casting: Magic Dart
Confirm with . or Enter, or press ? or * to list all spells.
You conjure a globe of magical energy.
The spiny frog is engulfed in roaring flames.
The spiny frog stings you!!
* * * LOW HITPOINT WARNING * * *
You are lethally poisoned!
The spiny frog poisons you!
The spiny frog is engulfed in roaring flames.
The spiny frog stings you!!
You die...

# ##.P ## ### ## ##
#P.## .##.##.### .###
#..## #........#
.#P###...# #........#
.........#####........#
###.#..#.....#........#
####.####...........#
#.P# ####.ยง*.....#
#.## ##'@###### ..#
#F## .### #P.. ##+P.##
##P.+ #.....# ....
.....[# .....
####.....# #.....
..##.....# #......
.###.....#


You could see a spiny frog.

Vanquished Creatures
  A hydra (Lair:1)
  Fannar (D:10)
  Erica (D:8)
  2 hill giants (D:10)
  Pikel (D:4)
  A spiny frog (Lair:1)
  2 komodo dragons
  A two-headed ogre (D:9)
  10 blink frogs (Lair:1)
  A deep elf mage (D:10)
  11 yaks
  2 wraiths
  Grum (D:8)
  4 wolves
  2 hippogriffs
  Menkaure (D:6)
  Edmund (D:4)
  A water moccasin (D:8)
  A porcupine (Lair:1)
  An ice beast (D:4)
  A black bear (D:8)
  An orc warrior (D:10)
  A phantom (D:10)
  2 necrophages (D:9)
  6 ogres
  A crocodile (Lair:1)
  4 centaurs
  9 giant frogs
  A gnoll sergeant (D:4)
  A wyvern skeleton (D:9)
  4 scorpions
  A troll skeleton (D:9)
  3 wights (D:9)
  A centaur zombie (D:10)
  3 crimson imps
  2 quasits (D:9)
  A giant frog zombie (D:9)
  6 orc priests
  Crazy Yiuf (D:4)
  A human zombie (D:9)
  4 hounds
  A giant frog skeleton (D:9)
  3 human skeletons (D:9)
  A centaur skeleton (D:7)
  6 orc wizards
  An iguana (D:8)
  5 worker ants
  A mummy (D:9)
  A hound skeleton (D:4)
  7 gnolls
  9 adders
  3 shadow imps
  An ooze (D:2)
  An adder zombie (D:9)
  A worm (D:4)
  44 orcs
  4 bats
  15 goblins
  6 hobgoblins
  5 jackals
  10 quokkas
  3 ball pythons
  9 giant cockroaches
  2 giant geckos
  2 giant newts
  5 kobolds
  An orc skeleton (D:9)
  2 orc zombies (D:9)
  A quokka zombie (D:5)
  6 rats
256 creatures vanquished.

Vanquished Creatures (others)
  A slave (D:4)
  An ogre (D:4)
  2 orcs (D:4)
  A plant (Lair:1)
5 creatures vanquished.

Grand Total: 261 creatures vanquished

Notes
Turn   | Place    | Note
--------------------------------------------------------------
     0 | D:1      | tp1 the Deep Elf Conjurer began the quest for the Orb.
     0 | D:1      | Reached XP level 1. HP: 10/10 MP: 6/6
   256 | D:1      | Reached XP level 2. HP: 15/15 MP: 6/8
   263 | D:1      | Learned a level 2 spell: Searing Ray
   272 | D:1      | Reached skill level 5 in Conjurations
   708 | D:2      | Found a faded altar to an unknown god.
   727 | D:2      | Reached XP level 3. HP: 19/19 MP: 3/9
   847 | D:2      | Reached skill level 6 in Conjurations
   888 | D:2      | Found an opulent altar of Gozag.
  1205 | D:2      | Reached XP level 4. HP: 24/24 MP: 4/11
  1449 | D:3      | Found a blossoming altar of Fedhas.
  2003 | D:3      | Reached skill level 5 in Spellcasting
  2048 | D:3      | Reached XP level 5. HP: 14/28 MP: 7/14
  2055 | D:3      | Learned a level 5 spell: Iskenderun's Battlesphere
  2370 | D:3      | Reached skill level 1 in Charms
  2656 | D:4      | Noticed Pikel
  2656 | D:4      | Noticed a slave
  2656 | D:4      | Noticed a slave
  2657 | D:4      | Noticed a slave
  2996 | D:4      | Reached XP level 6. HP: 24/32 MP: 6/16
  3228 | D:4      | Found a bloodstained altar of Trog.
  3395 | D:4      | Noticed Crazy Yiuf
  3418 | D:4      | Killed Crazy Yiuf
  3602 | D:4      | Killed Pikel
  3602 | D:4      | Reached skill level 10 in Charms
  3602 | D:4      | Reached XP level 7. HP: 36/36 MP: 5/17
  3629 | D:4      | Noticed a freed slave
  3699 | D:4      | Noticed an ice beast
  3700 | D:4      | Killed an ogre
  3704 | D:4      | Killed an ice beast
  3704 | D:4      | Reached XP level 8. HP: 41/41 MP: 6/18
  3707 | D:4      | Killed a freed slave
  3835 | D:4      | Noticed an ogre
  3842 | D:4      | Killed an ogre
  3956 | D:4      | Noticed Edmund
  3967 | D:4      | Killed Edmund
  3992 | D:4      | Noticed Robin
  4005 | D:5      | Entered Level 5 of the Dungeon
  4285 | D:5      | Found Numuk's Weapon Emporium.
  4307 | D:5      | Found Nuas's Assorted Antiques.
  4393 | D:5      | Found Wubribal's Magic Scroll Emporium.
  4401 | D:5      | Bought a scroll of teleportation for 36 gold pieces
  4401 | D:5      | Bought a scroll of magic mapping for 42 gold pieces
  4401 | D:5      | Bought a scroll of recharging for 114 gold pieces
  4401 | D:5      | Bought a scroll of identify for 24 gold pieces
  4401 | D:5      | Bought a scroll of noise for 12 gold pieces
  4401 | D:5      | Bought a scroll of remove curse for 36 gold pieces
  4580 | D:5      | Found Jinurrai's Magic Scroll Shop.
  4631 | D:5      | Found Uceweodoe's General Store.
  4770 | D:5      | Found a glowing silver altar of Zin.
  4775 | D:5      | Found a snail-covered altar of Cheibriados.
  5045 | D:6      | Noticed Menkaure
  5048 | D:6      | Killed Menkaure
  5067 | D:6      | Found a shattered altar of Ashenzari.
  5348 | D:6      | Reached skill level 10 in Conjurations
  5589 | D:6      | Found a staircase to the Ecumenical Temple.
  5598 | Temple   | Entered the Ecumenical Temple
  5654 | Temple   | Became a worshipper of Vehumet
  5717 | D:6      | Reached XP level 9. HP: 45/45 MP: 19/19
  5949 | D:7      | Noticed an oklob plant
  6016 | D:7      | Found an ancient bone altar of Kikubaaqudgha.
  6618 | D:8      | Noticed Erica
  6633 | D:8      | Killed Erica
  6633 | D:8      | Reached skill level 10 in Spellcasting
  6936 | D:8      | Noticed Grum
  7153 | D:8      | Reached * piety under Vehumet
  7153 | D:8      | Offered knowledge of Sting by Vehumet.
  7277 | D:8      | Reached skill level 11 in Spellcasting
  7521 | D:8      | Killed Grum
  7742 | D:8      | Reached XP level 10. HP: 50/50 MP: 27/27
  7935 | D:9      | Reached skill level 12 in Spellcasting
  8088 | D:9      | Found an ancient bone altar of Kikubaaqudgha.
  8434 | D:9      | Reached skill level 13 in Spellcasting
  8492 | D:9      | Reached ** piety under Vehumet
  8516 | D:9      | Offered knowledge of Shock by Vehumet.
  8892 | D:10     | Entered Level 10 of the Dungeon
  8933 | D:10     | Reached skill level 14 in Spellcasting
  8981 | D:10     | Noticed Fannar
  8989 | D:10     | Killed Fannar
  8999 | D:10     | Reached skill level 15 in Spellcasting
  9294 | D:10     | Noticed a hill giant
  9303 | D:10     | Killed a hill giant
  9309 | D:10     | Offered knowledge of Throw Frost by Vehumet.
  9312 | D:10     | Noticed a hill giant
  9317 | D:10     | Killed a hill giant
  9353 | D:10     | Reached XP level 11. HP: 54/54 MP: 24/32
  9418 | D:10     | Found an iron altar of Okawaru.
  9436 | D:10     | Reached skill level 16 in Spellcasting
  9444 | D:10     | Reached *** piety under Vehumet
  9647 | D:10     | Found a staircase to the Lair.
  9828 | D:10     | Offered knowledge of Conjure Flame by Vehumet.
  9833 | D:10     | Learned a level 3 spell: Conjure Flame
 10051 | Lair:1   | Entered Level 1 of the Lair of Beasts
 10100 | Lair:1   | Reached skill level 17 in Spellcasting
 10194 | Lair:1   | Reached skill level 1 in Fire Magic
 10430 | Lair:1   | Noticed a five-headed hydra
 10436 | Lair:1   | Killed a five-headed hydra
 10441 | Lair:1   | Reached skill level 5 in Dodging
 10592 | Lair:1   | Demolished by a spiny frog

Action                   |  1- 3 |  4- 6 |  7- 9 | 10-12 || total
-------------------------+-------+-------+-------+-------++-------
Melee: Dagger            |       |     4 |       |       ||     4
       Quarterstaff      |       |       |     2 |       ||     2
 Cast: Magic Dart        |    61 |    80 |    92 |   193 ||   426
       Searing Ray       |     3 |    13 |    14 |    16 ||    46
       Iskenderun's Batt |       |     3 |    37 |    46 ||    86
       Conjure Flame     |       |       |       |    11 ||    11
  Use: Scroll            |       |       |     5 |     5 ||    10
       Potion            |       |       |     2 |       ||     2
  Eat: Chunk             |       |     7 |    16 |     9 ||    32
       Bread ration      |       |     1 |       |       ||     1
